 Dungeon Crawl Stone Soup version 0.24-a0-130-ga3c21ff (webtiles) character file.

Game seed: 16120452578388634491

7 Borgoz the Sneak (level 2, 0/22 HPs)
             Began as a Ghoul Enchanter on Feb 26, 2019.
             Slain by a kobold (2 damage)
             ... on level 1 of the Dungeon.
             The game lasted 00:00:40 (48 turns).

Borgoz the Sneak (Ghoul Enchanter)                    Turns: 48, Time: 00:00:41

Health: 0/22       AC:  2    Str: 11    XL:     2   Next: 4%
Magic:  2/3        EV: 12    Int: 10    God:
Gold:   0          SH:  0    Dex:  9    Spells: 3/4 levels left

rFire    . . .     SeeInvis .   (no weapon)
rCold    + . .     Gourm    .   (no shield)
rNeg     + + +     Faith    .   b - +0 robe
rPois    ∞         Spirit   .   (no helmet)
rElec    .         Reflect  .   (no cloak)
rCorr    .         Harm     .   (no gloves)
MR       .....                  (no boots)
Stlth    ++........             (no amulet)
HPRegen  0.00/turn              (no ring)
MPRegen  0.08/turn              (no ring)

@: rotting
A: rotting body, claws 1, carnivore, cold resistance 1, negative energy
resistance 3, inhibited regeneration, torment resistance, unbreathing
a: no special abilities


You were on level 1 of the Dungeon.
You were not hungry.

You visited 1 branch of the dungeon, and saw 1 of its levels.

Inventory:

Armour
 b - a +0 robe (worn)
Comestibles
 d - a ration


   Skills:
 + Level 0.3 Fighting
   Level 0.8 Short Blades
 + Level 1.9 Dodging
 + Level 3.4 Stealth
 + Level 0.3 Unarmed Combat
 + Level 1.9 Spellcasting
 + Level 2.4 Hexes


You had 3 spell levels left.
You knew the following spells:

 Your Spells              Type           Power        Failure   Level  Hunger
a - Corona                Hex            #......      12%         1    ##.....

Your spell library contained the following spells:

 Spells                   Type           Power        Failure   Level  Hunger
 Ensorcelled Hibernation  Hex/Ice        #.....       28%         2    ###....
 Confuse                  Hex            #.......     34%         3    ####...
 Tukima's Dance           Hex            #.......     34%         3    ####...
 Dazzling Spray           Conj/Hex       #.....       50%         3    ####...


Dungeon Overview and Level Annotations

Branches:
Dungeon (1/15)

Altars:


Innate Abilities, Weirdness & Mutations

Your body is rotting away.
You thrive on raw meat.
You are immune to poison.
You have sharp fingernails.
You are carnivorous and can eat meat at any time.
Your flesh is cold resistant. (rC+)
You are immune to negative energy. (rN+++)
You do not regenerate when monsters are visible.
You are immune to unholy pain and torment.
You can survive without breathing.


Message History

You barely miss the rat. The kobold hits you.
The rat bites you but does no damage. The rat bites you.
* * * LOW HITPOINT WARNING * * *
Okay, then.
You scratch the rat.
The rat is heavily wounded.
The kobold hits you.
* * * LOW HITPOINT WARNING * * *
The rat bites you but does no damage.
You scratch the rat but do no damage.
The rat is heavily wounded.
The kobold closely misses you.
You scratch the rat but do no damage.
The rat is heavily wounded.
The rat misses you. The kobold misses you.
You scratch the rat.
You kill the rat!
The kobold hits you.
You die...

.........#.# #..#
.........#.##.#..#
..................#
....#.#####.##....##
...........##.....+
##.#...........#.##
.....#.#.#.#..# .#
..#..#K###.#..# #
#..@..#.....#
#.%..###÷...#
.....### ###..##..##
#..#.. #<).......
... ... ##...#....
.# ##.. >...# #..
... ##...# > ....
#..... .......


You could see a kobold.

Vanquished Creatures
  An ooze (D:1)
  A hobgoblin (D:1)
  2 rats (D:1)
4 creatures vanquished.

Notes
Turn   | Place    | Note
-------+----------+-------------------------------------------
     0 | D:1      | Borgoz the Ghoul Enchanter began the quest for the Orb.
     0 | D:1      | Reached XP level 1. HP: 14/14 MP: 2/2
    36 | D:1      | Reached XP level 2. HP: 11/22 MP: 3/3
    48 | D:1      | Slain by a kobold

Levels and vault maps discovered:
D:1:      onia_arrival_handbag, layout_basic

Action                   || total
-------------------------++-------
Melee: Unarmed           ||    23
 Cast: Corona            ||     1
 Stab: Sleeping          ||     1
  Eat: Chunk             ||     1
Armor: Robe              ||     3
Dodge: Dodged            ||    12

Table legend:
 A = Non-vault XP
 B = Vault XP
 C = Vault XP percentage of total XP
 D = Non-vault monster count
 E = Vault monster count
 F = Vault count percentage of total count
                 A         B        C        D         E       F
            +---------+---------+-------+---------+---------+-------
      Total |       2 |       9 |  81.8 |       1 |       3 |  75.0
            +---------+---------+-------+---------+---------+-------
        D:1 |       2 |       9 |  81.8 |       1 |       3 |  75.0
            +---------+---------+-------+---------+---------+-------
